 Dungeon Crawl Stone Soup version 0.30-a0-757-ga6a79fd877 (webtiles) character file.

Game seed: 17960641314899790685

1828 sircluck the Cleaver (level 9, 0/79 HPs)
             Began as a Hill Orc Fighter on Feb 9, 2023.
             Slain by a killer bee (6 damage)
             ... on level 8 of the Dungeon.
             The game lasted 00:11:55 (4793 turns).

sircluck the Cleaver (Hill Orc Fighter)             Turns: 4793, Time: 00:11:56

Health: 0/79       AC: 12    Str: 23    XL:     9   Next: 11%
Magic:  9/9        EV: 10    Int:  8    God:
Gold:   392        SH:  0    Dex: 10    Spells: 8/8 levels left

rFire   . . .      SeeInvis .    a - +0 war axe
rCold   . . .      Faith    .    c - +0 buckler
rNeg    . . .      Spirit   .    b - +0 scale mail
rPois   .          Reflect  .    s - +0 helmet
rElec   .          Harm     .    X - +2 cloak
rCorr   .          Rampage  .    (no gloves)
Will    .....                    (no boots) Stlth
                                 e - amulet of regeneration
HPRegen 1.13/turn                h - ring of flight
MPRegen 0.11/turn                (no ring)

@: confused, lethally poisoned (0 -> -1), flying
A: no striking features
a: no special abilities


You were on level 8 of the Dungeon.
You visited 1 branch of the dungeon, and saw 7 of its levels.

You collected 392 gold pieces.

Inventory:

Hand Weapons
 a - a +0 war axe (weapon)
 q - a +0 hand axe
 C - a +1 dagger of speed
 F - a +0 hand axe
 J - a +0 shortbow
 N - a +2 dagger of venom
 T - a +2 quarterstaff of chaos
Missiles
 f - 4 javelins
 j - 5 large rocks
 p - 28 stones
 D - 4 curare-tipped darts
 L - 2 throwing nets
Armour
 b - a +0 scale mail (worn)
 c - a +0 buckler (worn)
 s - a +0 helmet (worn)
 O - a +2 robe of positive energy
 Q - a +2 leather armour of cold resistance
 X - a +2 cloak (worn)
Magical Staves
 G - a staff of conjuration
Jewellery
 e - an amulet of regeneration (around neck)
 h - a ring of flight (left hand)
 u - an amulet of guardian spirit
 W - a +6 ring of dexterity
 Y - a +5 ring of evasion
Wands
 H - a wand of mindburst (23)
 P - a wand of polymorph (6)
Scrolls
 g - a scroll of fog {unknown}
 i - 4 scrolls of teleportation (quivered)
 m - 4 scrolls of identify {unknown}
 n - 4 scrolls of vulnerability {unknown}
 o - a scroll of acquirement {unknown}
 t - a scroll of magic mapping {unknown}
 v - 2 scrolls of silence {unknown}
 x - 3 scrolls of blinking {unknown}
 y - a scroll of enchant weapon {unknown}
 z - 4 scrolls of fear {unknown}
 I - a scroll of immolation {unknown}
 K - a scroll of brand weapon {unknown}
 U - a scroll of poison {unknown}
 V - a scroll of enchant armour {unknown}
 Z - 4 scrolls of noise {unknown}
Potions
 d - a potion of might
 k - a potion of invisibility {unknown}
 l - a potion of heal wounds
 r - 2 potions of brilliance {unknown}
 w - a potion of ambrosia {unknown}
 A - a potion of mutation {unknown}
 B - a potion of cancellation {unknown}
 E - a potion of resistance {unknown}
 M - a potion of curing {unknown}
 R - a potion of attraction {unknown}
 S - a potion of lignification {unknown}


   Skills:
 + Level 7.1 Fighting
 + Level 9.8 Axes
 + Level 0.2 Throwing
 + Level 6.9 Armour
 + Level 2.1 Dodging
 + Level 0.8 Stealth
 + Level 4.8 Shields
 + Level 0.7 Unarmed Combat


You had 8 spell levels left.
You didn't know any spells.
Your spell library was empty.

Dungeon Overview and Level Annotations

Branches:
Dungeon (6/15)             Temple (0/1) D:4

Altars:
Makhleb
Vehumet
Xom


Message History

The killer bee poisons you! The killer bee stings you.
The killer bee stings you but does no damage.
Something hits you but does no damage. The gnoll barely misses you.
The killer bee misses you.
The killer bee stings you but does no damage. x2
You closely miss something. You hit the gnoll but do no damage.
You barely miss the killer bee. You miss the killer bee.
You barely miss the killer bee.
You feel less confused.
You feel sick. You block the killer bee's attack.
The killer bee closely misses you. The killer bee stings you.
* * * LOW HITPOINT WARNING * * *
You hear some strange, mumbled words.
You are confused.
A gnoll comes into view. It is wielding a +0 spear.
The gnoll hits you but does no damage. The killer bee stings you.
* * * LOW HITPOINT WARNING * * *
The killer bee stings you but does no damage.
The killer bee barely misses you.
You miss something. You completely miss the killer bee.
You barely miss the killer bee. You closely miss the gnoll.
You barely miss the killer bee.
You feel sick. The killer bee stings you.
* * * LOW HITPOINT WARNING * * *
The killer bee closely misses you. The killer bee barely misses you.
Something hits you but does no damage. The gnoll hits you with a +0 spear.
* * * LOW HITPOINT WARNING * * *
The killer bee stings you but does no damage.
The killer bee stings you.
* * * LOW HITPOINT WARNING * * *
The killer bee barely misses you.
You barely miss something. You miss the killer bee.
You closely miss the killer bee. You hit the killer bee.
You hit the gnoll but do no damage.
You feel sick. The killer bee stings you.
* * * LOW HITPOINT WARNING * * *
The killer bee barely misses you. The killer bee stings you.
* * * LOW HITPOINT WARNING * * *
The gnoll hits you but does no damage. Something hits you.
* * * LOW HITPOINT WARNING * * *
The killer bee stings you.
You die...

..## .........
.............. #
......##..... .##
#.....##..#.# ##...##
.##.#.......#.###.>....#
.#..#.##.........##....##
......#.........y)).....#
............###yyy†...$#
...........## ##@{F..###
.....##.#.## ##gy...#
.....####.# #oo....#
..##..# #.# #o....... ##
##...#.. ...)..... ......
.g.#.##.. ....... ...###
#. ..#.... ... .......


You could see an orc warrior, a bullfrog, 5 killer bees, 2 gnolls and 2 orcs.

Vanquished Creatures
  The ghost of ninjaread99 the Conjurer, a novice HuCj (D:5)
  Grinder (D:5)
  A steam dragon (D:8)
  Duvessa (D:5)
  A black bear (D:6)
  A centaur (D:5)
  A kobold brigand (D:6)
  A necrophage (D:6)
  A scorpion (D:5)
  3 wights (D:8)
  Dowan (D:5)
  The ghost of AverageBear the Chopper, a weakling DsFi (D:3)
  2 howler monkeys (D:6)
  4 hounds
  Crazy Yiuf (D:5)
  4 iguanas
  An orc wizard (D:4)
  3 gnolls (D:6)
  7 adders
  An ufetubus (D:6)
  A dart slug (D:2)
  9 orcs
  7 endoplasms
  A giant cockroach (D:2)
  7 goblins
  2 hobgoblins
  4 jackals (D:3)
  4 quokkas
  9 ball pythons
  7 bats
  2 frilled lizards
  12 kobolds
  4 rats
106 creatures vanquished.

Notes
Turn   | Place    | Note
-------+----------+-------------------------------------------
     0 | D:1      | sircluck the Hill Orc Fighter began the quest for the Orb.
     0 | D:1      | Reached XP level 1. HP: 19/19 MP: 1/1
   284 | D:1      | Reached skill level 3 in Axes
   284 | D:1      | Reached XP level 2. HP: 27/27 MP: 2/2
   803 | D:2      | Reached XP level 3. HP: 33/33 MP: 3/3
  1598 | D:3      | Found a radiant altar of Vehumet.
  1794 | D:3      | Reached XP level 4. HP: 41/41 MP: 4/4
  1986 | D:3      | Found a large runed translucent door.
  1986 | D:3      | Found a large runed translucent door.
  1987 | D:3      | Noticed AverageBear's ghost (weakling DsFi)
  2079 | D:3      | Reached skill level 4 in Axes
  2154 | D:3      | Killed AverageBear's ghost
  2302 | D:4      | Reached XP level 5. HP: 47/47 MP: 5/5
  2303 | D:4      | Found a shimmering altar of Xom.
  2338 | D:4      | Reached skill level 5 in Axes
  2496 | D:4      | Found a burning altar of Makhleb.
  2634 | D:4      | Reached XP level 6. HP: 50/53 MP: 6/6
  2763 | D:4      | Found a staircase to the Ecumenical Temple.
  2838 | D:5      | Entered Level 5 of the Dungeon
  2944 | D:5      | Reached skill level 6 in Axes
  3020 | D:5      | Reached skill level 5 in Fighting
  3020 | D:5      | Reached skill level 1 in Dodging
  3191 | D:5      | Found a runed translucent door.
  3191 | D:5      | Noticed ninjaread99's ghost (novice HuCj)
  3204 | D:5      | Reached skill level 5 in Armour
  3204 | D:5      | Reached XP level 7. HP: 61/61 MP: 7/7
  3372 | D:5      | Noticed Grinder
  3373 | D:5      | Noticed Duvessa
  3377 | D:5      | Paralysed by Grinder for 5 turns
  3381 | D:5      | Noticed Dowan
  3383 | D:5      | Killed Grinder
  3384 | D:5      | Reached skill level 7 in Axes
  3439 | D:5      | Killed Duvessa
  3465 | D:5      | Killed Dowan
  3466 | D:5      | Reached XP level 8. HP: 52/70 MP: 8/8
  3724 | D:5      | Found a runed translucent door.
  3725 | D:5      | Noticed Crazy Yiuf
  3834 | D:5      | Killed ninjaread99's ghost
  3835 | D:5      | Reached skill level 8 in Axes
  3881 | D:5      | Killed Crazy Yiuf
  4236 | D:6      | Identified the +1 robe of the Present {Int+2 Dex+4}
  4479 | D:6      | Reached skill level 9 in Axes
  4749 | D:6      | You are sucked into a shaft and drop 2 floors!
  4762 | D:8      | Found the +5 demon whip "Spellbinder" {antimagic, disrupt,
                  | Will+}
  4777 | D:8      | Reached XP level 9. HP: 42/79 MP: 9/9
  4793 | D:8      | Slain by a killer bee

Illustrated notes

Levels and vault maps discovered:
D:1:      psy_arrival_fountain, layout_basic, minmay_tree_intersection
D:2:      layout_basic
D:3:      layout_basic, vehumet_crystals, ebering_ghost_disaster_area,
          minmay_liquid_box, minmay_crystal_room
D:4:      layout_rooms, old_standard_altar, mainiacjoe_overflow_tiny_flanked,
          minmay_temple_entry_poolview
D:5:      layout_basic, hellmonk_ghost_happy_afterlife, minmay_misc_feat_rows,
          uniq_grinder, uniq_duvessa, uniq_crazy_yiuf_cottage
D:6:      layout_basic, serial_park_tiny_2
D:8:      layout_cave_pools, mainiacjoe_overflow_six_doors_small,
          kennysheep_vampire_church, serial_gnoll_camp,
          gnoll_camp_mini_doghouse, gnoll_camp_mini_loothouse,
          gnoll_camp_mini_hut, gnoll_camp_mini_shop,
          pf_guarded_unrand_woodcutter

Skill      XL: |  1  2  3  4  5  6  7  8 |
---------------+-------------------------+-----
Axes           | 3 4 5 6 7 9 |  9.8
Fighting       | 4 5 7 |  7.1
Armour         | 4 5 6 |  6.9
Dodging        | 1 2 |  2.1
Shields        | 4 |  4.8
Throwing       | |  0.2
Stealth        | |  0.8
Unarmed Combat | |  0.7

Action                     |  1- 3 |  4- 6 |  7- 9 || total
---------------------------+-------+-------+-------++-------
  Melee: War axe           |   130 |   123 |   132 ||   385
         Unarmed           |       |       |     7 ||     7
  Throw: Javelin           |       |       |     1 ||     1
    Use: Scroll            |       |       |     1 ||     1
         Potion            |       |       |     1 ||     1
 Armour: Scale mail        |    64 |    62 |    88 ||   214
  Dodge: Dodged            |    72 |    63 |   105 ||   240
  Block: Buckler           |    29 |    25 |    33 ||    87

Table legend: (Time is in decaauts)
 A = Elapsed time spent in this place.
 B = Non-inter-level travel time spent in this place.
 C = Inter-level travel time spent in this place.
 D = Time resting spent in this place.
 E = Time spent auto-exploring this place.
 F = Levels seen in this place.
 G = Mean time per level.
                   A        B        C        D        E       F      G
               +--------+--------+--------+--------+--------+-----+--------+
         Total |   4879 |   4115 |    764 |      0 |   2928 |   7 |  697.0 |
       Dungeon |   4879 |   4115 |    764 |      0 |   2928 |   7 |  697.0 |
               +--------+--------+--------+--------+--------+-----+--------+

Top non-repeatable levels by time:
     D:5: 1100 daAuts
     D:1: 987 daAuts
     D:3: 762 daAuts
     D:6: 724 daAuts
     D:4: 656 daAuts
     D:2: 602 daAuts
     D:8: 45 daAuts
